 Dungeon Crawl Stone Soup version 0.29.0-11-gd7f09526c8 (webtiles) character file.

Game seed: 8972563214778227666

18 styxcanada the Sneak (level 2, -1/14 HPs)
             Began as a Spriggan Brigand on Sept 6, 2022.
             Killed from afar by Crazy Yiuf (6 damage)
             ... with a puff of flame
             ... on level 2 of the Dungeon.
             The game lasted 00:03:09 (1293 turns).

styxcanada the Sneak (Spriggan Brigand)             Turns: 1293, Time: 00:03:09

Health: -1/14      AC:  3    Str:  7    XL:     2   Next: 51%
Magic:  3/3        EV: 17    Int: 12    God:
Gold:   80         SH:  0    Dex: 16    Spells: 1/1 levels left

rFire   . . .      SeeInvis +   m - +3 hammer of Vojomowku {freeze, Stlth+}
rCold   . . .      Faith    .   (no shield)
rNeg    . . .      Spirit   .   b - +0 robe
rPois   .          Reflect  .   (helmet restricted)
rElec   .          Harm     .   c - +0 cloak
rCorr   .          Rampage  .   (gloves unavailable)
Will    .....                   (boots unavailable)
Stlth   ++++......              (no amulet)
HPRegen 0.04/turn               (no ring)
MPRegen 0.08/turn               (no ring)

@: very quick
A: very small, no large weapons, unfitting armour, see invisible, speed 3
a: no special abilities


You were on level 2 of the Dungeon.
You visited 1 branch of the dungeon, and saw 2 of its levels.

You collected 80 gold pieces.

Inventory:

Hand Weapons
 a - a +2 dagger
 k - a +0 sling of flaming
 m - the +3 hammer of Vojomowku (weapon) {freeze, Stlth+}
   (You found it on level 2 of the Dungeon)

   It freezes those it strikes, dealing additional cold damage.
   It can also slow down cold-blooded creatures.
   Stlth:     It makes you more stealthy.
Missiles
 d - 4 poisoned darts (quivered)
 e - 3 curare-tipped darts
 h - 12 stones
Armour
 b - a +0 robe (worn)
 c - a +0 cloak (worn)
Scrolls
 f - a scroll of teleportation {unknown}
 g - 2 scrolls of identify {unknown}
 i - a scroll of torment {unknown}
 l - a scroll of magic mapping {unknown}
Potions
 j - a potion of cancellation {unknown}


   Skills:
 * Level 1.6 Fighting
 + Level 2.3 Short Blades
 + Level 2.0 Throwing
 * Level 2.1 Dodging
 * Level 6.6 Stealth


You had one spell level left.
You didn't know any spells.
Your spell library was empty.

Dungeon Overview and Level Annotations

Branches:
Dungeon (2/15)

Altars:

Shops:
D:1 [

Annotations:
D:2 Crazy Yiuf


Innate Abilities, Weirdness & Mutations

You are very small and have problems with some larger weapons.
You are too small for most types of armour.
You have supernaturally acute eyesight. (SInv)
You cover ground extremely quickly. (Speed+++)


Message History

You see here a +0 hammer.
Throw: 9 darts (poison)
Press: ? - help, Q - select action, (/) - cycle Shift-Dir - straight line, f - Crazy Yiuf
Aim: Crazy Yiuf, wielding a +2 quarterstaff of chaos, wearing a +0 cloak and carrying a wand of flame (25) (64% to hit)
You throw a poisoned dart. The poisoned dart hits Crazy Yiuf.
Crazy Yiuf is poisoned.
Crazy Yiuf zaps a wand.
The puff of flame hits you!
Ouch! That really hurt!
* * * LOW HITPOINT WARNING * * *
Throw: 8 darts (poison)
Press: ? - help, Q - select action, (/) - cycle Shift-Dir - straight line, f/p - Crazy Yiuf
Aim: Crazy Yiuf, wielding a +2 quarterstaff of chaos, wearing a +0 cloak and carrying a wand of flame (24) (moderately wounded, poisoned, 64% to hit)
You throw a poisoned dart. The poisoned dart hits Crazy Yiuf.
Crazy Yiuf is moderately wounded.
You start resting.
Crazy Yiuf is nearby!
Throw: 7 darts (poison)
Press: ? - help, Q - select action, (/) - cycle Shift-Dir - straight line, f/p - Crazy Yiuf
Aim: Crazy Yiuf, wielding a +2 quarterstaff of chaos, wearing a +0 cloak and carrying a wand of flame (24) (moderately wounded, wandering, hasn't noticed you, 64% to hit)
You throw a poisoned dart. The poisoned dart hits Crazy Yiuf.
Crazy Yiuf shouts!
Crazy Yiuf is moderately wounded.
You see here a +0 cloak.
Throw: 6 darts (poison)
Press: ? - help, Q - select action, (/) - cycle Shift-Dir - straight line, f/p - Crazy Yiuf
Aim: Crazy Yiuf, wielding a +2 quarterstaff of chaos, wearing a +0 cloak and carrying a wand of flame (24) (moderately wounded, 64% to hit)
You throw a poisoned dart. The poisoned dart hits Crazy Yiuf.
Crazy Yiuf is poisoned.
Crazy Yiuf is moderately wounded.
Crazy Yiuf says, "Cholesterol!"
Crazy Yiuf zaps a wand.
The puff of flame misses you.
Throw: 5 darts (poison)
Press: ? - help, Q - select action, (/) - cycle Shift-Dir - straight line, f/p - Crazy Yiuf
Aim: Crazy Yiuf, wielding a +2 quarterstaff of chaos, wearing a +0 cloak and carrying a wand of flame (23) (moderately wounded, poisoned, 64% to hit)
You throw a poisoned dart. The poisoned dart hits Crazy Yiuf.
Crazy Yiuf looks even sicker.
Crazy Yiuf is moderately wounded.
Crazy Yiuf cries, "Candle arga infinity!"
Crazy Yiuf zaps a wand.
The puff of flame hits you.
You die...

##.#.......##..#.#.####..........
##.##..###.##.##.#..........#####
##.....# #.......#######...## #
#####.## #.......# #...# #
#####.####.##.##.# #...# #
.........#.......# #...# #
##.......#..#.##.#######...######
##...#.†.#..#.##.##.............#
.#..###.........@......g.((.....(
.#..)#...#..####.##.......<.[...#
.#.......#.......#######...######
.#.......##.###### #...# #
.##########.# #...# # .# #.#
#...# # ## ########.# #...# #
####........# ..... #
.....######## ...... #


You could see Crazy Yiuf (very poisoned).

Vanquished Creatures
  A bat (D:1)
  3 endoplasms
  2 giant cockroaches
  2 goblins
  A hobgoblin (D:1)
  A quokka (D:1)
  3 ball pythons
  2 frilled lizards
  A rat (D:2)
16 creatures vanquished.

Notes
Turn   | Place    | Note
-------+----------+-------------------------------------------
     0 | D:1      | styxcanada the Spriggan Brigand began the quest for the
                  | Orb.
     0 | D:1      | Reached XP level 1. HP: 10/10 MP: 2/2
   209 | D:1      | Reached skill level 6 in Stealth
   416 | D:1      | Found Gexzoef's Antique Armour Boutique.
   612 | D:1      | Reached XP level 2. HP: 14/14 MP: 3/3
  1219 | D:2      | Identified the +3 hammer of Vojomowku {freeze, Stlth+}
  1222 | D:2      | Found a runed translucent door.
  1223 | D:2      | Noticed Crazy Yiuf
  1293 | D:2      | Killed from afar by Crazy Yiuf

Illustrated notes

Levels and vault maps discovered:
D:1:      elethiomel_arrival_shortcut, layout_loops_corners, serial_shops,
          shop_fountains, minivault_19, minmay_fountain_box
D:2:      layout_loops_cross, uniq_crazy_yiuf_cottage

Skill      XL: |  1 |
---------------+----+-----
Stealth        | 6 |  6.6
Dodging        | 2 |  2.1
Fighting       | |  1.6
Short Blades   | |  2.3
Throwing       | |  2.0

Action                   || total
-------------------------++-------
Melee: Dagger            ||    33
Throw: Dart              ||     6
 Stab: Sleeping          ||     6
Armor: Robe              ||     3
Dodge: Dodged            ||    23
